 Dungeon Crawl Stone Soup version 0.31-a0-232-gb1c03b2570 (webtiles) character file.

Game seed: 4608818365598087025

72 qw the Shooter (level 4, 0/26 HPs)
             Began as a Gargoyle Hexslinger on July 7, 2023.
             Slain by a gnoll
             ... wielding a +2 halberd of venom
              (14 damage)
             ... on level 2 of the Dungeon.
             The game lasted 00:00:33 (1033 turns).

qw the Shooter (Gargoyle Hexslinger)                Turns: 1033, Time: 00:00:34

Health: 0/26       AC:  8    Str: 12    XL:     4   Next: 26%
Magic:  5/5        EV: 11    Int: 13    God:
Gold:   106        SH:  0    Dex: 14    Spells: 4/5 levels left

rFire   . . .        Y - +2 sling
rCold   . . .        (no shield)
rNeg    + . .        d - +0 leather armour
rPois   inf          e - +1 hat
rElec   +            (no cloak)
rCorr   .            l - +0 pair of gloves
SInv    .            (no boots)
Will    .....        (no amulet)
Stlth   +            (no ring)
HPRegen 0.24/turn    (no ring)
MPRegen 0.09/turn

%: no passive effects
@: no status effects
A: sickness immunity, AC +3, negative energy resistance 1, electricity
resistance, torment resistance 1, petrification resistance
a: no special abilities


You were on level 2 of the Dungeon.
You visited 1 branch of the dungeon, and saw 2 of its levels.

You collected 106 gold pieces.


Innate Abilities, Weirdness & Mutations

You are immune to sickness and miasma.
Your stone body is resilient. (AC +3)
You are immune to poison.
You resist negative energy. (rN+)
You are resistant to electric shocks. (rElec)
You are resistant to unholy torment.
You are immune to petrification.


   Skills:
 - Level 2.0 Fighting
 + Level 4.1 Ranged Weapons
 - Level 1.5 Dodging
 - Level 1.0 Spellcasting
 - Level 2.6 Hexes


You had 4 spell levels left.
You knew the following spells:

 Your Spells              Type           Power      Damage    Failure   Level
a - Slow                  Hex            28%        N/A       12%         1

Your spell library contained the following spells:

 Spells                   Type           Power      Damage    Failure   Level
 Inner Flame              Hex/Fire       4%         N/A       52%         3
 Portal Projectile        Hex/Tloc       8%         N/A       52%         3
 Cause Fear               Hex            3%         N/A       75%         4

Inventory:

Hand Weapons
 Y - a +2 sling (weapon)
Armour
 d - a +0 leather armour (worn)
 e - a +1 hat (worn)
 l - a +0 pair of gloves (worn)
Scrolls
 a - a scroll of vulnerability {unknown}
 c - 2 scrolls of teleportation {unknown}
 f - a scroll of identify
Potions
 b - a potion of heal wounds {unknown}
 g - a potion of lignification {unknown}
 h - a potion of might {unknown}
 k - a potion of curing {unknown}

Dungeon Overview and Level Annotations

Branches:
Dungeon (2/15)

Altars:


Message History

You see here a +0 club.
You see here a +0 club.
A gnoll comes into view. It is wielding a +0 spear.
The gnoll shouts!
You hear a shout! x2
Enter note:
Enter note:
Enter note:
Enter note:
Enter note:
Enter note: You shoot a sling bullet.
The sling bullet hits the gnoll!
The gnoll is severely wounded.
The gnoll completely misses you.
You shoot a sling bullet. The sling bullet hits the gnoll.
The gnoll is severely wounded.
The gnoll barely misses you.
You shoot a sling bullet.
The sling bullet hits the gnoll but does no damage.
The gnoll is severely wounded.
You hear a shout!
The gnoll hits you but does no damage.
The gnoll hits you from afar with a +0 spear.
A gnoll comes into view. It is wielding a +2 halberd of venom.
You shoot a sling bullet. The sling bullet hits the gnoll.
You kill the gnoll!
Your Ranged Weapons skill increases to level 4!
You shoot a sling bullet.
The sling bullet barely misses the gnoll.
You hear a shout!
The gnoll hits you but does no damage.
A gnoll comes into view. It is wielding a +0 flail.
You shoot a sling bullet.
The sling bullet hits the gnoll but does no damage.
The gnoll hits you from afar with a +2 halberd of venom!
You shoot a sling bullet. The sling bullet hits the gnoll.
The gnoll is moderately wounded.
The gnoll hits you but does no damage.
The gnoll hits you from afar with a +2 halberd of venom!
Ouch! That really hurt!
You die...

...# ..# ..
..# # . . ..##
#.# .. #. #g.
..
###.#.###g##.#
#..........).#
### ##
#.#.##.#.@#
##.## #. ####
##.........#
####...## #.
...#
........#.##
#.......# #.
##.#
#.....##.#
#.##...####.
#.# #.....#.#
#.###.......
#.# #.......#
#.#...#####.
#.# ###...###
#...#.# #.
.#.# #...#
#....<# ##
.#.# #...#
##..#.##


You could see 2 gnolls.

Vanquished Creatures
  An adder (D:2)
  A gnoll (D:2)
  A worm (D:2)
  3 dart slugs
  5 ball pythons
  6 bats
  3 endoplasms (D:1)
  2 giant cockroaches
  3 hobgoblins
  6 jackals (D:1)
  A quokka (D:1)
  2 goblins
  5 kobolds
  4 rats
43 creatures vanquished.

Notes
Turn   | Place    | Note
-------+----------+-------------------------------------------
     0 | D:1      | qw the Gargoyle Hexslinger began the quest for the Orb.
     0 | D:1      | Reached XP level 1. HP: 12/12 MP: 2/2
     0 | D:1      | 0 ||| qw: Version: 0.3-a-46-gb1f654a
     0 | D:1      | 0 ||| qw: Game counter: 2214
     0 | D:1      | 0 ||| qw: Melee chars always use a shield: true
     0 | D:1      | 0 ||| qw: God list: Okawaru
     0 | D:1      | 0 ||| qw: Allow faded altars: false
     0 | D:1      | 0 ||| qw: Do Orc after clearing Dungeon:15 true
     0 | D:1      | 0 ||| qw: Do second Lair branch before Depths: true
     0 | D:1      | 0 ||| qw: Lair rune preference: random
     0 | D:1      | 0 ||| qw: Goals: Normal
     0 | D:1      | 0 ||| PLANNING D:1-11
   151 | D:1      | Reached XP level 2. HP: 16/16 MP: 3/3
   236 | D:1      | Reached skill level 3 in Ranged Weapons
   272 | D:1      | Reached XP level 3. HP: 21/21 MP: 4/4
   509 | D:1      | 509 ||| UPGRADING to +0 leather armour.
   519 | D:1      | 519 ||| DROPPING +0 robe.
   520 | D:1      | 520 ||| UPGRADING to +1 hat.
   525 | D:1      | 525 ||| UPGRADING to +0 pair of gloves.
   530 | D:1      | 530 ||| READING scroll labelled DUFULIMNOT.
   531 | D:1      | 531 ||| READING scroll labelled SACLUSKEESO.
   532 | D:1      | 532 ||| READING scroll labelled XUANIANAUJ.
   533 | D:1      | 533 ||| READING scroll labelled IFAEWIKHOOWK.
   634 | D:1      | 634 ||| READING scroll labelled DEAF ZOEDDEAHA.
   635 | D:1      | 635 ||| READING scroll labelled LYH VAEFINAZ.
   636 | D:1      | 636 ||| DROPPING scroll of poison.
   890 | D:2      | Reached XP level 4. HP: 26/26 MP: 5/5
  1031 | D:2      | Reached skill level 4 in Ranged Weapons
  1033 | D:2      | Slain by a gnoll

Levels and vault maps discovered:
D:1:      nzn_arrival_settlement, layout_rooms, st_stairs_6,
          hangedman_decor_points, minmay_pentomino_w4
D:2:      layout_loops_cross

Skill      XL: |  1  2  3  4 |
---------------+-------------+-----
Ranged Weapons | 3 4 |  4.1
Fighting       | 2 |  2.0
Dodging        | |  1.5
Spellcasting   | |  1.0
Hexes          | |  2.6

Action                     |  1- 3 |  4- 6 || total
---------------------------+-------+-------++-------
   Fire: Sling             |   116 |    11 ||   127
    Use: Scroll            |     6 |       ||     6
 Armour: Robe              |    10 |       ||    10
         Leather armour    |     1 |     3 ||     4
  Dodge: Dodged            |    16 |     2 ||    18

Table legend:
 A = Non-vault XP
 B = Vault XP
 C = Vault XP percentage of total XP
 D = Non-vault monster count
 E = Vault monster count
 F = Vault count percentage of total count
                 A         B        C        D         E       F
            +---------+---------+-------+---------+---------+-------
      Total |      94 |      10 |   9.6 |      36 |       7 |  16.3
            +---------+---------+-------+---------+---------+-------
        D:1 |      41 |      10 |  19.6 |      21 |       7 |  25.0
        D:2 |      53 |       0 |   0.0 |      15 |       0 |   0.0
            +---------+---------+-------+---------+---------+-------
